 Dungeon Crawl Stone Soup version 0.22.1-1-ga44c0e5 (webtiles) character file.

52 Harpaggios the Insei (level 3, 0/28 HPs)
             Began as a Gnoll Transmuter on Oct 23, 2018.
             Killed from afar by Sigmund (13 damage)
             ... with a puff of flame
             ... on level 2 of the Dungeon.
             The game lasted 00:06:46 (1229 turns).

Harpaggios the Insei (Gnoll Transmuter)             Turns: 1229, Time: 00:06:47

Health: 0/28       AC:  2    Str: 12    XL:     3   Next: 85%
Magic:  7/9        EV: 14    Int: 16    God:
Gold:   74         SH:  0    Dex: 15    Spells: 6/12 levels left

rFire    . . .     SeeInvis .   c - +2 hand axe (flame)
rCold    . . .     Gourm    .   (no shield)
rNeg     . . .     Faith    .   b - +0 robe
rPois    .         Spirit   .   (no helmet)
rElec    .         Reflect  .   (no cloak)
rCorr    .         Harm     .   (no gloves)
MR       .....                  (no boots)
Stlth    +.........             (no amulet)
HPRegen  0.09/turn              (no ring)
MPRegen  0.11/turn              (no ring)

@: confused, appendage (expiring)
A: distributed training, fangs 1, horns 2, strong nose
a: End Transformation


You were on level 2 of the Dungeon.
You were very hungry.
You had grown temporary horns.
You visited 1 branch of the dungeon, and saw 2 of its levels.

You collected 74 gold pieces.

Inventory:

Hand Weapons
 c - a +2 hand axe of flaming (weapon)
Missiles
 a - 6 arrows
Armour
 b - a +0 robe (worn)
 h - a cursed +0 ring mail
Jewellery
 e - an uncursed ring of fire
Scrolls
 g - a scroll of immolation {unknown}
Comestibles
 d - 3 rations
 f - a chunk of flesh


   Skills:
 + Level 2.6 Fighting
 + Level 0.9 Short Blades
 + Level 0.9 Long Blades
 + Level 0.9 Axes
 + Level 0.9 Maces & Flails
 + Level 0.9 Polearms
 + Level 0.9 Staves
 + Level 0.9 Slings
 + Level 0.9 Bows
 + Level 0.9 Crossbows
 + Level 0.9 Throwing
 + Level 0.9 Armour
 + Level 4.5 Dodging
 + Level 0.9 Stealth
 + Level 0.9 Shields
 + Level 6.5 Unarmed Combat
 + Level 5.0 Spellcasting
 + Level 0.6 Conjurations
 + Level 0.6 Hexes
 + Level 0.6 Charms
 + Level 0.6 Summonings
 + Level 0.6 Necromancy
 + Level 0.6 Translocations
 + Level 3.8 Transmutations
 + Level 0.6 Fire Magic
 + Level 0.6 Ice Magic
 + Level 0.6 Air Magic
 + Level 0.6 Earth Magic
 + Level 0.6 Poison Magic
 + Level 1.0 Invocations
 + Level 0.9 Evocations


You had 6 spell levels left.
You knew the following spells:

 Your Spells              Type           Power        Failure   Level  Hunger
a - Beastly Appendage     Tmut           ###...       3%          1    None
b - Sticks to Snakes      Tmut           ###.....     4%          2    #......
c - Spider Form           Tmut/Pois      ##........   19%         3    ###....

Your spell library contained the following spells:

 Spells                   Type           Power        Failure   Level  Hunger
 Ice Form                 Ice/Tmut       ##......     52%         4    ####...
 Blade Hands              Tmut           ###.......   65%         5    ######.


Dungeon Overview and Level Annotations

Branches:
Dungeon (2/15)

Altars:

Annotations:
D:2 Sigmund


Innate Abilities, Weirdness & Mutations

Your experience applies equally to all skills.
You have very sharp teeth.
Your uncanny sense of smell can sniff out nearby items.
You have a pair of horns on your head.


Message History

Sigmund barely misses you.
You hit Sigmund. You burn Sigmund. Your headbutt misses Sigmund.
Sigmund is severely wounded.
You hit Sigmund but do no damage.
Sigmund is severely wounded.
Sigmund hits you with a scythe.
You hit Sigmund. You burn Sigmund. You headbutt Sigmund.
Sigmund is almost dead.
Your transformation is almost over.
Sigmund hits you with a scythe!
You barely miss Sigmund.
Sigmund is almost dead.
You are feeling very hungry.
Sigmund points at you and mumbles some strange words.
You are confused.
You miss Sigmund. Your bite misses Sigmund.
Sigmund is almost dead.
Sigmund casts a spell at you. The puff of flame hits you!
You die...

## #...# .# # ####...#
...# ###......# .#######
#...##...#
.......###.####...#
...###.....#####.##
.#..###.......##.###
........#####..@...#
..........(...##@#.......
.....#.....##.##.###.....
.###.#####...............
#...######..#.###.....
##......###...# ...
###..#...##..## .
##.###......# ## #.#
###....# .##### #.###
##...#


You could see Sigmund.

Vanquished Creatures
  An adder (D:2)
  An ooze (D:1)
  A dart slug (D:2)
  A leopard gecko (D:1)
  2 ball pythons (D:1)
  2 bats (D:1)
  3 goblins (D:1)
  4 hobgoblins
  7 kobolds
  A quokka (D:2)
  3 frilled lizards
  12 rats (D:1)
38 creatures vanquished.

Notes
Turn   | Place    | Note
-------+----------+-------------------------------------------
     0 | D:1      | Harpaggios the Gnoll Transmuter began the quest for the
                  | Orb.
     0 | D:1      | Reached XP level 1. HP: 17/17 MP: 6/6
   127 | D:1      | Reached XP level 2. HP: 23/23 MP: 5/7
   408 | D:1      | Reached XP level 3. HP: 26/28 MP: 7/9
   471 | D:1      | Reached skill level 5 in Spellcasting
   493 | D:1      | Learned a level 2 spell: Sticks to Snakes
   497 | D:1      | Learned a level 3 spell: Spider Form
   998 | D:2      | Reached skill level 1 in Invocations
  1017 | D:2      | Noticed Sigmund
  1229 | D:2      | Killed from afar by Sigmund

Skill      XL: |  1  2  3 |
---------------+----------+-----
Spellcasting   | 5 |  5.0
Invocations    | 1 |  1.0
Fighting       | |  2.6
Short Blades   | |  0.9
Long Blades    | |  0.9
Axes           | |  0.9
Maces & Flails | |  0.9
Polearms       | |  0.9
Staves         | |  0.9
Slings         | |  0.9
Bows           | |  0.9
Crossbows      | |  0.9
Throwing       | |  0.9
Armour         | |  0.9
Dodging        | |  4.5
Stealth        | |  0.9
Shields        | |  0.9
Unarmed Combat | |  6.5
Conjurations   | |  0.6
Hexes          | |  0.6
Charms         | |  0.6
Summonings     | |  0.6
Necromancy     | |  0.6
Translocations | |  0.6
Transmutations | |  3.8
Fire Magic     | |  0.6
Ice Magic      | |  0.6
Air Magic      | |  0.6
Earth Magic    | |  0.6
Poison Magic   | |  0.6
Evocations     | |  0.9

Action                   || total
-------------------------++-------
Melee: Unarmed           ||    64
       Kick              ||     4
       Headbutt          ||     5
       Punch             ||     1
       Hand axe          ||    13
       Bite              ||     2
 Cast: Beastly Appendage ||    18
       Sticks to Snakes  ||     5
  Use: Potion            ||     3
       Scroll            ||     1
 Stab: Sleeping          ||     4
Armor: Robe              ||     8
Dodge: Dodged            ||    50
